 Dungeon Crawl Stone Soup version 0.27.1-2-g3b301248ec (webtiles) character file.

Game seed: 14976166435075349543

99 nxtlvl the Chopper (level 4, -11/38 HPs)
             Began as a Draconian Berserker on Sept 30, 2021.
             Was a Believer of Trog.
             Killed by nerve-wracking pain
             ... invoked by an orc priest
              (13 damage)
             ... on level 3 of the Dungeon.
             The game lasted 00:05:03 (686 turns).

nxtlvl the Chopper (Draconian Berserker)             Turns: 686, Time: 00:05:05

Health: -11/38     AC:  5    Str: 19    XL:     4   Next: 45%
Magic:  4/4        EV: 12    Int:  7    God:    Trog [**....]
Gold:   105        SH:  0    Dex: 12    Spells: 3/3 levels left

rFire    . . .     SeeInvis .   a - +0 hand axe
rCold    . . .     Faith    .   (no shield)
rNeg     . . .     Spirit   .   (armour unavailable)
rPois    .         Reflect  .   (helmet restricted)
rElec    .         Harm     .   (no cloak)
rCorr    .         Rampage  .   (no gloves)
Will     .....                  (no boots)
Stlth    +.........             (no amulet)
HPRegen  0.12/turn              (no ring)
MPRegen  0.09/turn              (no ring)

@: on berserk cooldown, slowed, very slow
A: AC +5, unfitting armour, cold-blooded
a: Renounce Religion, Berserk, Trog's Hand


You were on level 3 of the Dungeon.
You worshipped Trog.
Trog was pleased with you.
You visited 1 branch of the dungeon, and saw 4 of its levels.

You collected 105 gold pieces.

Inventory:

Hand Weapons
 a - a +0 hand axe (weapon)
Missiles
 h - 15 arrows
Scrolls
 b - 3 scrolls of vulnerability {unknown}
 c - a scroll of teleportation {unknown}
 e - a scroll of immolation {unknown}
 f - 3 scrolls of identify {unknown}
 j - a scroll of blinking {unknown}
Potions
 d - 2 potions of invisibility {unknown}
 g - a potion of attraction {unknown}
 i - a potion of resistance {unknown}


   Skills:
 - Level 3.2 Fighting
 * Level 5.3 Axes
 - Level 2.6 Dodging


You had 3 spell levels left.
You didn't know any spells.
Your spell library was empty.

Dungeon Overview and Level Annotations

Branches:
Dungeon (4/15)
 Temple: D:4-7

Altars:


Innate Abilities, Weirdness & Mutations

Your plain brown scales are hard. (AC +5)
You cannot fit into any form of body armour.
You are cold-blooded and may be slowed by cold attacks.


Message History

The orc shouts!
You see here a +1 whip of freezing.
An orc priest comes into view. It is wielding a +0 club.
You feel a strong urge to attack something.
The orc priest shouts!
You are no longer berserk.
You are exhausted.
You feel yourself slow down. The orc hits you with a +0 whip.
* * * LOW HITPOINT WARNING * * *
An endoplasm comes into view.
You hit the orc priest but do no damage.
You closely miss the orc. The orc priest hits you with a +0 club.
* * * LOW HITPOINT WARNING * * *
The orc closely misses you. The orc priest hits you with a +0 club.
* * * LOW HITPOINT WARNING * * *
Unknown command.
You barely miss the orc priest. You hit the orc but do no damage.
The orc hits you with a +0 whip.
* * * LOW HITPOINT WARNING * * *
The orc priest closely misses you. The orc hits you but does no damage.
Unknown command.
You barely miss the orc priest. You barely miss the orc.
The orc priest hits you with a +0 club.
* * * LOW HITPOINT WARNING * * *
The orc closely misses you.
The orc priest begins to cast a cantrip, but forgets the words!
Unknown command.
You hit the orc priest but do no damage.
You hit the orc. The orc hits you but does no damage.
The orc priest hits you but does no damage.
The orc closely misses you.
Unknown command.
You hit the orc priest.
The orc priest is lightly wounded.
You hit the orc.
The orc priest calls upon Beogh to heal the orc.
The orc is healed somewhat.
The orc hits you but does no damage.
The orc priest mumbles some strange prayers to Beogh against you.
Pain shoots through your body!
You die...

##..# ##...#
######....#
.....?....#
.##...#...#
o...#...[†#
###...#.#.# #
###.#o#.#.#
#..Jo@#.#.####.
#.###.#>.(.....
#.#...))#.####.
#.#[.<#...
#....#.## ##.#
######.# # ..#
####


You could see an orc priest, an orc and an endoplasm.

Vanquished Creatures
  A jelly (D:2)
  A worm (D:3)
  2 orcs (D:3)
  6 ball pythons
  15 endoplasms
  3 goblins
  5 hobgoblins
  2 jackals (D:4)
  A quokka (D:2)
  4 bats
  4 frilled lizards
  9 kobolds
  2 rats
55 creatures vanquished.

Vanquished Creatures (others)
  2 fungi (D:2)
  6 plants (D:1)
  10 toadstools (D:2)
18 creatures vanquished.

Grand Total: 73 creatures vanquished

Notes
Turn   | Place    | Note
-------+----------+-------------------------------------------
     0 | D:1      | nxtlvl the Draconian Berserker began the quest for the Orb.
     0 | D:1      | Reached XP level 1. HP: 19/19 MP: 1/1
   164 | D:1      | Reached XP level 2. HP: 26/26 MP: 2/2
   254 | D:2      | Reached skill level 4 in Axes
   306 | D:2      | Reached ** piety under Trog
   359 | D:2      | Reached XP level 3. HP: 31/31 MP: 3/3
   471 | D:2      | Reached skill level 5 in Axes
   471 | D:2      | Reached XP level 4. HP: 38/38 MP: 4/4
   684 | D:3      | HP: 1/38 [orc priest (1)]
   686 | D:3      | Killed from afar by an orc priest

Illustrated notes

Levels and vault maps discovered:
D:1:      minmay_arrival_stair_chambers, layout_loops_ring,
          shapermc_ecumenical_altar_starsandcircs, serial_bayou,
          serial_bayou_crossing, serial_bayou_pond_e, serial_bayou_ford_a,
          serial_bayou_pond_b, minmay_quantized
D:2:      cheibrodos_fertilizer, layout_rooms
D:3:      layout_basic, zin_treasury, minmay_cupped, uniq_jessica
D:4:      layout_basic, uniq_eustachio

Skill      XL: |  1  2  3 |
---------------+----------+-----
Axes           | 4 5 |  5.3
Fighting       | |  3.2
Dodging        | |  2.6

Action                   |  1- 3 |  4- 6 || total
-------------------------+-------+-------++-------
Melee: Hand axe          |    68 |    45 ||   113
       Tailslap          |     5 |     4 ||     9
Invok: Berserk           |     4 |     3 ||     7
Armor: Skin              |    26 |    19 ||    45
Dodge: Dodged            |    46 |    44 ||    90
